 Dungeon Crawl Stone Soup version 0.28.0 (webtiles) character file.

Game seed: 959859841592598880

58 avis the Chopper (level 4, 0/40 HPs)
             Began as a Hill Orc Monk on Feb 14, 2022.
             Slain by an orc wizard (2 damage)
             ... on level 3 of the Dungeon.
             The game lasted 00:08:45 (1258 turns).

avis the Chopper (Hill Orc Monk)                    Turns: 1258, Time: 00:08:47

Health: 0/40       AC:  6    Str: 15    XL:     4   Next: 1%
Magic:  4/4        EV: 10    Int: 10    God:
Gold:   64         SH:  0    Dex: 13    Spells: 3/3 levels left

rFire   . . .      SeeInvis .   a - +0 hand axe
rCold   . . .      Faith    .   (no shield)
rNeg    . . .      Spirit   .   i - +0 scale mail
rPois   .          Reflect  .   (no helmet)
rElec   .          Harm     .   (no cloak)
rCorr   .          Rampage  .   (no gloves)
Will    .....                   (no boots)
Stlth   ..........              (no amulet)
HPRegen 0.13/turn               (no ring)
MPRegen 0.09/turn               (no ring)

@: brilliant, invisible
A: no striking features
a: no special abilities


You were on level 3 of the Dungeon.
You visited 1 branch of the dungeon, and saw 3 of its levels.

You collected 64 gold pieces.

Inventory:

Hand Weapons
 a - a +0 hand axe (weapon)
 b - a +0 hunting sling
Missiles
 d - 113 stones (quivered)
Armour
 i - a +0 scale mail (worn)
Magical Staves
 f - a staff of cold
Scrolls
 c - a scroll of enchant armour {unknown}
 g - 2 scrolls of identify {unknown}
 j - a scroll of noise {unknown}
Potions
 h - a potion of brilliance


   Skills:
 - Level 4.0 Fighting
 * Level 6.1 Axes
 - Level 2.4 Dodging
 - Level 1.5 Stealth


You had 3 spell levels left.
You didn't know any spells.
Your spell library contained the following spells:

 Spells                   Type           Power      Damage    Failure   Level
 Sandblast                Erth           0%         2d4       85%         1
 Passwall                 Tmut/Erth      0%         N/A       94%         2
 Stone Arrow              Conj/Erth      0%         3d7       99%         3
 Dispersal                Tloc           0%         N/A       100%        6
 Disjunction              Tloc           0%         N/A       100%        8


Dungeon Overview and Level Annotations

Branches:
Dungeon (2/15)

Altars:


Message History

You kill the orc!
The orc closely misses you. The orc wizard casts a spell at you.
Your Axes skill increases to level 6!
It was a potion of brilliance.
You feel clever all of a sudden. The orc misses you.
The orc wizard points at you and mumbles some strange words.
The puff of flame hits something!
Something hits you.
* * * LOW HITPOINT WARNING * * *
It was a potion of invisibility.
You fade into invisibility!
The orc closely misses you.
You catch the helpless orc completely off-guard!
You hit the orc.
The orc is almost dead.
The orc closely misses you.
A goblin comes into view. It is wielding a +0 club.
The orc wizard casts a spell at you.
You hear a shout!
You barely miss the orc.
The orc is almost dead.
Things that are here:
a +0 short sword; an orc corpse The orc wizard gestures at the orc while chanting.
You hit the orc.
You kill the orc!
You see here an adder corpse.
You barely miss the goblin. The goblin misses you.
You hit the goblin.
You kill the goblin!
You have reached level 4!
Items here: )) †††.
You hit the orc wizard.
The orc wizard is moderately wounded.
You miss something.
The orc wizard hits you with a +0 dagger.
* * * LOW HITPOINT WARNING * * *
Something hits you.
You die...

#.......# #...(.(.##
......(..#
(.(###.(.# . #...##
. #....# .. #....##
...###....o#
.........#@##
.........#†.####+###
.........##.).......
#........##.........
.........##.........
.......#####..##+###
....... ##+# .......
.......


You could see an orc wizard.

Vanquished Creatures
  An adder (D:3)
  A dart slug (D:1)
  3 orcs (D:3)
  5 bats
  4 endoplasms (D:1)
  2 giant cockroaches
  6 goblins
  4 hobgoblins
  2 jackals (D:2)
  3 kobolds (D:1)
  A quokka (D:2)
  4 ball pythons
  2 rats
38 creatures vanquished.

Notes
Turn   | Place    | Note
-------+----------+-------------------------------------------
     0 | D:1      | avis the Hill Orc Monk began the quest for the Orb.
     0 | D:1      | Reached XP level 1. HP: 19/19 MP: 1/1
     2 | D:1      | Noticed a dwarf
     2 | D:1      | Noticed a demigod
     4 | D:1      | Noticed a vampire
     4 | D:1      | Noticed a merfolk
     6 | D:1      | Noticed an ogre
     8 | D:1      | Noticed a spriggan
     8 | D:1      | Noticed an elf
    12 | D:1      | Noticed a human
    14 | D:1      | Noticed a troll
    14 | D:1      | Noticed a vine stalker
    16 | D:1      | Noticed a demonspawn
    16 | D:1      | Noticed a gargoyle
    18 | D:1      | Noticed an octopode
    18 | D:1      | Noticed a minotaur
    20 | D:1      | Noticed a draconian
    22 | D:1      | Noticed a tengu
    22 | D:1      | Noticed a naga
    24 | D:1      | Noticed a formicid
    24 | D:1      | Noticed a ghoul
    26 | D:1      | Noticed a felid
   165 | D:1      | Reached XP level 2. HP: 13/26 MP: 2/2
   357 | D:1      | Reached skill level 5 in Axes
   524 | D:1      | Reached XP level 3. HP: 33/33 MP: 3/3
   645 | D:1      | Found a faded altar of an unknown god.
  1158 | D:2      | You fall into a shaft and drop 1 floor!
  1247 | D:3      | Reached skill level 6 in Axes
  1247 | D:3      | HP: 1/33 [something (2)]
  1257 | D:3      | Reached XP level 4. HP: 3/40 MP: 4/4
  1258 | D:3      | HP: 2/40 [orc wizard (1)]
  1258 | D:3      | Slain by an orc wizard

Illustrated notes

Levels and vault maps discovered:
D:1:      kb_arrival_jail, layout_rooms, ebering_ecumenical_altar_petrified,
          minmay_pentomino_s4
D:2:      layout_basic
D:3:      layout_basic, led_xom_imps, uniq_robin

Skill      XL: |  1  2  3 |
---------------+----------+-----
Axes           | 5 6 |  6.1
Fighting       | 4 |  4.0
Dodging        | |  2.4
Stealth        | |  1.5

Action                   |  1- 3 |  4- 6 || total
-------------------------+-------+-------++-------
Melee: Hand axe          |    69 |     1 ||    70
       Punch             |     1 |       ||     1
 Fire: Hunting sling     |    73 |       ||    73
  Use: Potion            |     2 |       ||     2
 Stab: Sleeping          |     2 |       ||     2
       Invisible         |     1 |       ||     1
Armor: Robe              |     4 |       ||     4
       Scale mail        |    22 |       ||    22
Dodge: Dodged            |    38 |       ||    38
